 Dungeon Crawl Stone Soup version 0.16.1-30-g34a7ffa (webtiles) character file.

84 Noboking the Skirmisher (level 4, 0/40 HPs)
             Began as a Hill Orc Fighter on June 29, 2015.
             Was an Initiate of Ashenzari.
             Succumbed to an adder's poison
             ... on level 3 of the Dungeon.
             The game lasted 00:04:43 (2259 turns).

Noboking the Skirmisher (Hill Orc Fighter)          Turns: 2259, Time: 00:04:43

Health: 0/40       AC:  7    Str: 18    XL:     4   Next: 46%
Magic:  4/4        EV:  7    Int:  9    God:    Ashenzari [......]
Gold:   144        SH:  9    Dex: 10    Spells: 0 memorised, 3 levels left

rFire  . . .     SeeInvis .     a - +0 war axe
rCold  . . .     Clarity  +     b - +0 scale mail
rNeg   . . .     SustAb   .     c - +0 shield
rPois  .         Gourm    .     (no helmet)
rElec  .         Spirit   .     (no cloak)
rCorr  .         Warding  .     (no gloves)
rMut   .         Stasis   .     (no boots)
MR     .....                    n - amulet of clarity
Stlth  ..........               (no ring)
                                (no ring)

@: lethally poisoned (0 -> -3), not resistant to hostile enchantments, extremely
unstealthy
A: no striking features
a: Renounce Religion


You were on level 3 of the Dungeon.
You worshipped Ashenzari.
Ashenzari was noncommittal.
You were very full.

You visited 1 branch of the dungeon, and saw 3 of its levels.

You collected 144 gold pieces.

Inventory:

Hand weapons
 a - a +0 war axe (weapon)
 g - a -1 hand axe
 s - a +0 hunting sling
 x - a +0 blowgun
Missiles
 l - 6 needles of paralysis
 p - 16 sling bullets
 t - 31 stones (quivered)
Armour
 b - a +0 scale mail (worn)
 c - a +0 shield (worn)
 r - a +0 helmet
Jewellery
 n - an amulet of clarity (around neck)
Magical devices
 q - a wand of fireball (6)
Scrolls
 h - 2 scrolls of identify {unknown}
 j - a scroll of teleportation {unknown}
 u - a scroll of remove curse
 v - a scroll of noise {unknown}
 w - a scroll of random uselessness {unknown}
Potions
 e - a potion of might
 f - a potion of brilliance {unknown}
 m - 3 potions of restore abilities {unknown}
 o - 2 potions of curing {unknown}
Comestibles
 d - 2 meat rations
 i - 3 bread rations
 k - a slice of pizza


   Skills:
 + Level 4.1 Fighting
 + Level 3.3 Axes
 + Level 4.0 Armour
 + Level 1.1 Dodging
 + Level 4.0 Shields


You had 3 spell levels left.
You didn't know any spells.

Dungeon Overview and Level Annotations

Branches:
Dungeon (3/15)

Altars:
Ashenzari
Nemelex Xobeh
Sif Muna

Annotations:
D:3 bftschaos' ghost, average DECj


Message History

Your Armour skill increases to level 4!
You feel sick.
Bftschaos' ghost (average Deep Elf Conjurer) comes into view.
It is wielding a weapon of protection.
You feel sick.
Bftschaos' ghost turns its malevolent gaze towards you.
Bftschaos' ghost shouts, "You will never get the ORB!"
You see here a stone.
Bftschaos' ghost is nearby!
Bftschaos' ghost is nearby!
Bftschaos' ghost casts a spell at you. The magic dart hits you!
* * * LOW HITPOINT WARNING * * *
* * * LOW HITPOINT WARNING * * *
You feel sick.
* * * LOW HITPOINT WARNING * * *
You feel sick.
A worm comes into view.
* * * LOW HITPOINT WARNING * * *
You feel sick.
You die...

#.# #.# #.#
########.########
####........W....<..
..........((.######.
####..!...().####
#......).........
#.?..@....######
#.........#
#........w#
########..... ..#.#.
..... ..#.


You could see a worm and bftschaos' ghost.

Vanquished Creatures
  Robin (D:2)
  2 adders
  2 giant geckos (D:1)
  An orc (D:3)
  A ball python (D:2)
  8 hobgoblins
  6 jackals (D:1)
  3 bats
  2 giant newts
  10 goblins
  9 kobolds
  8 rats
53 creatures vanquished.

Notes
Turn   | Place    | Note
--------------------------------------------------------------
     0 | D:1      | Noboking, the Hill Orc Fighter, began the quest for the Orb.
     0 | D:1      | Reached XP level 1. HP: 19/19 MP: 1/1
   132 | D:1      | Found a shattered altar of Ashenzari.
   158 | D:1      | Became a worshipper of Ashenzari the Shackled
   287 | D:1      | Reached XP level 2. HP: 25/27 MP: 2/2
   647 | D:1      | Reached skill level 4 in Fighting
   927 | D:2      | Reached XP level 3. HP: 31/33 MP: 3/3
   939 | D:2      | Found a deep blue altar of Sif Muna.
   968 | D:2      | Found a sparkling altar of Nemelex Xobeh.
   982 | D:2      | Noticed Robin
   994 | D:2      | Killed Robin
  1429 | D:2      | Reached XP level 4. HP: 40/40 MP: 4/4
  1671 | D:2      | Reached skill level 1 in Dodging
  2252 | D:3      | Noticed bftschaos' ghost (average DECj)
  2255 | D:3      | HP: 2/40 [poisoned by an adder]
  2259 | D:3      | Succumbed to an adder's poison

Action                   |  1- 3 |  4- 6 || total
-------------------------+-------+-------++-------
Melee: War axe           |    91 |    60 ||   151
       Hand axe          |    14 |       ||    14
  Use: Scroll            |     1 |       ||     1
  Eat: Royal jelly       |     1 |       ||     1
       Meat ration       |       |     1 ||     1
       Bread ration      |       |     1 ||     1
       Chunk             |       |     1 ||     1
